 Dungeon Crawl Stone Soup version 0.22-a0-825-ga28c36f (webtiles) character file.

224 Amnesiac the Digger (level 5, -3/35 HPs)
             Began as a Mummy Earth Elementalist on July 24, 2018.
             Was a Follower of Sif Muna.
             Slain by an orc wizard
             ... wielding a +0 dagger
              (6 damage)
             ... on level 4 of the Dungeon.
             The game lasted 00:03:53 (2695 turns).

Amnesiac the Digger (Mummy Earth Elementalist)      Turns: 2695, Time: 00:03:54

Health: -3/35      AC:  4    Str: 11    XL:     5   Next: 67%
Magic:  0/11       EV: 12    Int: 15    God:    Sif Muna [*.....]
Gold:   204        SH:  0    Dex: 13    Spells: 3/13 levels left

rFire    x . .     SeeInvis .   b - +0 hunting sling
rCold    + . .     Gourm    .   (no shield)
rNeg     + + +     Faith    .   c - +0 robe
rPois    ∞         Spirit   .   f - +2 hat
rElec    .         Reflect  .   (no cloak)
rCorr    .         Harm     .   (no gloves)
MR       .....                  (no boots)
Stlth    ++........             (no amulet)
HPRegen  0.11/turn              (no ring)
MPRegen  0.12/turn              (no ring)

@: very slightly contaminated, divine energy
A: no food or potions, fire vulnerability, cold resistance 1, negative energy
resistance 3, torment resistance, unbreathing
a: Stop Divine Energy, Renounce Religion


You were on level 4 of the Dungeon.
You worshipped Sif Muna.
Sif Muna was aware of your devotion.
You were not hungry.

You visited 1 branch of the dungeon, and saw 4 of its levels.

You collected 204 gold pieces.

Inventory:

Hand Weapons
 a - a +0 short sword
 b - a +0 hunting sling (weapon)
 h - a +0 blowgun
Missiles
 e - 15 stones (quivered)
 i - 13 poisoned needles
Armour
 c - a +0 robe (worn)
 f - a +2 hat (worn)
Scrolls
 d - a scroll of enchant armour {!r, unknown}
 g - a scroll of immolation {!r, unknown}


   Skills:
 - Level 1.5 Dodging
 - Level 1.5 Stealth
 + Level 4.5 Spellcasting
 - Level 0.7 Transmutations
 * Level 4.6 Earth Magic


You had 3 spell levels left.
You knew the following spells:

 Your Spells              Type           Power        Failure   Level  Hunger
a - Sandblast             Erth           ###...       2%          1    N/A
b - Passwall              Tmut/Erth      ##......     9%          2    N/A
c - Stone Arrow           Conj/Erth      ##....       21%         3    N/A
e - Petrify               Tmut/Erth      ##......     50%         4    N/A

Your spell library contained the following spells:

 Spells                   Type           Power        Failure   Level  Hunger
 Lee's Rapid Deconstruct  Erth           ###.......   56%         5    N/A

Dungeon Overview and Level Annotations

Branches:
Dungeon (4/15)
 Temple: D:4-7

Altars:
Fedhas
Gozag
Sif Muna

Shops:
D:2 *


Innate Abilities, Weirdness & Mutations

You do not eat or drink.
Your flesh is vulnerable to fire.
You are immune to poison.
Your flesh is cold resistant. (rC+)
You are immune to negative energy. (rN+++)
You are immune to unholy pain and torment.
You can survive without breathing.


Message History

The blast of sand hits the orc priest.
The orc priest is heavily wounded.
e - 20 stones The orc priest misses you.
Casting: Sandblast (safe; 2% risk of failure)
Confirm with . or Enter, or press ? or * to list all spells.
Aiming: Sandblast (safe; 2% risk of failure)
Press: ? - help, Shift-Dir - straight line, f/p - orc priest
Aim: an orc priest, wielding a club and wearing a scale mail (heavily wounded)
The blast of sand hits the orc priest.
The orc priest is severely wounded.
e - 19 stones The orc priest hits you with a club.
* * * LOW HITPOINT WARNING * * *
Casting: Sandblast (safe; 2% risk of failure)
Confirm with . or Enter, or press ? or * to list all spells.
Aiming: Sandblast (safe; 2% risk of failure)
Press: ? - help, Shift-Dir - straight line, f/p - orc priest
Aim: an orc priest, wielding a club and wearing a scale mail (severely wounded)
The blast of sand hits the orc priest.
The orc priest is severely wounded.
e - 18 stones Sif Muna grants you divine energy.
You briefly lose access to your magic!
The orc priest hits you with a club.
* * * LOW HITPOINT WARNING * * *
You are unable to access your magic!
You are unable to access your magic!
You are unable to access your magic!
You aren't carrying any items that you can evoke.
Okay, then.
You regain access to your magic.
Casting: Sandblast (safe; 2% risk of failure)
Confirm with . or Enter, or press ? or * to list all spells.
Aiming: Sandblast (safe; 2% risk of failure)
Press: ? - help, Shift-Dir - straight line, f/p - orc priest
Aim: an orc priest, wielding a club and wearing a scale mail (severely wounded)
The blast of sand misses the orc priest.
e - 17 stones Sif Muna grants you divine energy.
You briefly lose access to your magic!
The orc priest hits you but does no damage.
The orc wizard gestures wildly while chanting.
The orc wizard flickers and vanishes!
Deactivating autopickup; reactivate with Ctrl-A.
Unknown command.
Unknown command.
You are unable to access your magic!
You see here a short sword.
Firing (i - inventory)
e - 17 stones (quivered)
Press: ? - help, Shift-Dir - straight line, f/p - orc priest
Aim: an orc priest, wielding a club and wearing a scale mail (severely wounded)
You shoot a stone. The stone barely misses the orc priest.
You regain access to your magic.
The orc priest closely misses you.
Casting: Sandblast (safe; 2% risk of failure)
Confirm with . or Enter, or press ? or * to list all spells.
Aiming: Sandblast (safe; 2% risk of failure)
Press: ? - help, Shift-Dir - straight line, f/p - orc priest
Aim: an orc priest, wielding a club and wearing a scale mail (severely wounded)
The blast of sand hits the orc priest.
The orc priest is severely wounded.
e - 15 stones Something hits you.
You die...

##..^.....#
##.....#.#
##...##... ##'## ##
#.# #.# ## ##.##
..##...## #.#@o...#
#.##{..##
..####.###.########
.(.....){..(.......
$.####(###.########
#( #.# .o #.# ###
#.# #.#


You could see an orc priest.

Vanquished Creatures
  An orc priest (D:3)
  An orc wizard (D:2)
  5 adders
  An ooze (D:2)
  2 worms (D:2)
  A dart slug (D:2)
  2 leopard geckos (D:3)
  17 orcs
  A ball python (D:3)
  2 giant cockroaches
  11 goblins
  9 hobgoblins
  11 jackals
  2 quokkas
  8 bats
  3 frilled lizards
  4 kobolds (D:3)
  9 rats
90 creatures vanquished.

Vanquished Creatures (others)
  A fungus (D:2)
1 creature vanquished.

Grand Total: 91 creatures vanquished

Notes
Turn   | Place    | Note
-------+----------+-------------------------------------------
     0 | D:1      | Amnesiac the Mummy Earth Elementalist began the quest for the Orb.
     0 | D:1      | Reached XP level 1. HP: 13/13 MP: 4/4
   143 | D:1      | Reached XP level 2. HP: 4/19 MP: 0/5
   182 | D:1      | Learned a level 2 spell: Passwall
   505 | D:2      | Found a deep blue altar of Sif Muna.
   508 | D:2      | Became a worshipper of Sif Muna the Loreminder
   844 | D:1      | Reached XP level 3. HP: 21/24 MP: 1/7
  1534 | D:2      | Reached XP level 4. HP: 21/30 MP: 3/9
  1542 | D:2      | Learned a level 3 spell: Stone Arrow
  1547 | D:2      | Learned a level 4 spell: Petrify
  1559 | D:2      | Found an opulent altar of Gozag.
  1561 | D:2      | Found Gozag's Platinum Reserve.
  1670 | D:2      | Found a blossoming altar of Fedhas.
  2168 | D:3      | Reached XP level 5. HP: 28/35 MP: 8/11
  2175 | D:3      | Reached * piety under Sif Muna
  2695 | D:4      | Slain by an orc wizard

Vault maps used:
D:1:      dpeg_arrival_concentric_ovals, grunt_decor_cap
D:2:      lemuel_blue_sif_altar, nicolae_gozag_zags_fifth_avenue, first_ration,
          kennysheep_doodads, fedhas_altar_3
D:4:      kennysheep_kobold_camp, nicolae_overflow_crystal_walls,
          grunt_decor_arrowhead, fountainhead, hangedman_abyss_or_decor_stabs,
          cheibriados_altar_1

Skill      XL: |  1  2  3  4 |
---------------+-------------+-----
Spellcasting   | 3 4 |  4.5
Earth Magic    | 3 4 |  4.6
Dodging        | |  1.5
Stealth        | |  1.5
Transmutations | |  0.7

Action                   |  1- 3 |  4- 6 || total
-------------------------+-------+-------++-------
Melee: Unarmed           |     5 |       ||     5
       Whip              |    67 |       ||    67
 Fire: Hunting sling     |    25 |   117 ||   142
 Cast: Sandblast         |    41 |    59 ||   100
Invok: Divine Energy     |       |     1 ||     1
  Use: Scroll            |       |     3 ||     3
 Stab: Sleeping          |     3 |       ||     3
Armor: Robe              |    42 |    20 ||    62
Dodge: Dodged            |    88 |    61 ||   149

Table legend:
 A = Spawn XP
 B = Non-spawn XP
 C = Spawn XP percentage of total XP
 D = Spawn monster count
 E = Non-spawn monster count
 F = Spawn count percentage of total count
 G = Total turns spent on level
                    A         B        C        D         E        F      G
               +---------+---------+-------+---------+---------+-------+---------
         Total |       0 |     321 |   0.0 |       0 |      90 |   0.0 |  2695
               +---------+---------+-------+---------+---------+-------+---------
           D:1 |       0 |      39 |   0.0 |       0 |      23 |   0.0 |  1038
           D:2 |       0 |     130 |   0.0 |       0 |      32 |   0.0 |  1128
           D:3 |       0 |     143 |   0.0 |       0 |      32 |   0.0 |   479
           D:4 |       0 |       9 |   0.0 |       0 |       3 |   0.0 |    50
               +---------+---------+-------+---------+---------+-------+---------
